Unix NetHack Version 5.0.0-0 post-release - last build May 22 2026 02:22:16 (99d1c3b6dc4b13757aaa5824b55bdea4e1e63757,branch:main).

Game began 2026-05-23 00:29:06, ended 2026-05-23 00:58:44.

Drastanta, lawful female human Samurai

       ----------  ------                      -----                    ----
       |........----.....-----       -----     |]((.|------       ----  |...|
       +..{...|......--...|..--    ---...---   |((!.-.|...| -------..-- |...|
       |.....--------|....|...|-----...A...--  |(((.|.|...| |.........-----||
       --|--.| ----- |........|..--..)......|--------[--|-| --.)............|
           |.| |(((.|-...|...-|.......G...---............%----....{.....-----
           |.| |(((.-...-|....--......(...|-..-----|---|-.(...........).-..|
     ---.---.| |(((.|-...---........|..).-|.....--|..|..|--..|.........-|..|
     -.......| ----- |....|...|..--(|...---..|...-|..|..|-...|-.).---.------
    |...-----------  |--....------|..-.@a...---...-------....------ -|-
    |...|?[/?%/)?)|  |.......- |..|.|--.a?.........|   |........|  |....
    --..|.........|--|....{...||....|  -.---.......... ---.....)-- |.%%%|
    --..--|--------..|-.............|---   --.-  .............|..| ------
    |................-........----|.|..|    |.|  ---.....|....|.%-----
    -+--........--+-.....-|---    |.|..|    |)|    --...----..|....|.----
       ---..-+--.. -.--..|..---   |.-..|  ---|---   -----  ----.........|--
         |.--   | ..  ---|....--  ------  |.....|    ----        -.....-|.--
         -.-     +.      |(.`(>|          |.._..|    |..|---------.|...[|..--
         ..      .       -------          |....+|    |..--.........|---)....|
        ----    --                        -------    --.......------  ---..<|
                                                      ---------         -----
Drastanta the Kunoichi  St:16 Dx:17 Co:18 In:10 Wi:8 Ch:6  Lawful
Dlvl:7  $:167 HP:0(62) Pw:23(23) AC:-3 Xp:7 T:3215  Weak    

Latest messages:
 Call a scroll labeled ETAOIN SHRDLU: Identify
 You see here an apron (for sale, 75 zorkmids).
 You do not owe Adjama anything.
 You see here a hexagonal wand (for sale, 225 zorkmids).
 You see here a scroll called Identify (for sale, 30 zorkmids).
 You see here a lembas wafer (for sale, 135 zorkmids).
 You see here a redwood wand (for sale, 225 zorkmids).
 You see here 10 darts (for sale, 30 zorkmids).
 You see here a scroll labeled ELBIB YLOH (for sale, 300 zorkmids).
 You do not owe Adjama anything.
 You do not owe Adjama anything.
 You do not owe Adjama anything.
 You are beginning to feel weak.
 You see here an osaku.
 You see here a statue of a gnome king.
 You stop.  The Aleax is in the way!
 You swap places with the peaceful Aleax.
 You see here an arrow.
 The soldier ant misses!
 The soldier ant misses!
 You hit the soldier ant!
 The soldier ant bites!
 The soldier ant stings!
 The soldier ant bites!
 The soldier ant stings!
 You kill the soldier ant!
 The soldier ant misses!
 The soldier ant stings!
 You miss the soldier ant.
 The soldier ant misses!
 The soldier ant misses!
 The soldier ant bites!
 The soldier ant stings!
 The soldier ant bites!
 The soldier ant stings!
 You hit the soldier ant!
 The soldier ant bites!
 The soldier ant misses!
 The soldier ant misses!
 The soldier ant stings!
 The soldier ant bites!
 The soldier ant misses!
 You hit the soldier ant.
 The soldier ant bites!
 The soldier ant stings!
 The soldier ant's sting was poisoned!
 You hear the howling of the CwnAnnwn...
 You die...
 Do you want your possessions identified? [ynq] (y) n
 Do you want to see your attributes? [ynq] (y) q

Inventory:
 Coins    ('$')
  $ - 167 gold pieces
 Amulets  ('"')
  z - an uncursed amulet of flying
 Weapons  (')')
  d - 38 +0 ya (in quiver)
  c - a +0 yumi (alternate weapon; not wielded)
  a - a +0 katana (weapon in right hand)
  b - a +0 wakizashi
 Armor    ('[')
  j - an uncursed +2 orcish helm (being worn)
  s - a blessed +1 pair of iron shoes (being worn)
  t - an uncursed +1 dwarvish cloak (being worn)
  e - an uncursed rustproof +0 splint mail (being worn)
 Scrolls  ('?')
  r - an uncursed scroll of food detection
  k - 2 uncursed scrolls of identify
  D - an uncursed scroll of magic mapping
  w - an uncursed scroll of taming
 Potions  ('!')
  i - 4 uncursed potions of healing
  y - a blessed potion of object detection
  u - an uncursed potion of paralysis
  f - an uncursed potion of sleeping
 Rings    ('=')
  p - an uncursed ring of conflict
  F - an uncursed ring of polymorph control
  W - an uncursed ring of shock resistance
 Wands    ('/')
  v - a wand of fire (0:3)
 Tools    ('(')
  x - an uncursed osaku
  q - an uncursed skeleton key

Drastanta the Samurai's attributes:

Background:
 You were a Kunoichi, a level 7 female human Samurai.
 You were lawful, on a mission for Amaterasu Omikami
 who was opposed by Raijin (neutral) and Susanowo (chaotic).
 You were right-handed.
 You were in the Gnomish Mines, on level 7.
 You entered the dungeon 3215 turns ago.
 It was the midnight hour.
 You had 718 experience points, 562 more were needed to attain level 8.

Basics:
 You had 0 out of 62 hit points.
 You had all 23 energy points (spell power).
 Your armor class was -3.
 Your wallet contained 167 zorkmids.
 Autopickup was off.

Final Characteristics:
 Your strength was 16 (base:17, limit:18/100).
 Your dexterity was 17 (limit:18).
 Your constitution was 18 (limit:18).
 Your intelligence was 10 (limit:18).
 Your wisdom was 8 (limit:18).
 Your charisma was 6 (limit:18).

Final Status:
 You were weak from severe hunger.
 You were unencumbered.
 You were wielding a long sword.
 You were skilled in long sword.

Final Attributes:
 You were piously aligned.
 Your items were somewhat protected from fire.
 Your items were somewhat protected from cold.
 You were telepathic.
 You were warded.
 You were fast.
 You are dead.

Miscellaneous:
 You encountered 1 bones level.
 Total elapsed playing time was 29 minutes and 38 seconds.

Major events:
 Turn
    1: Drastanta the lawful female human Samurai entered the dungeon
  848: entered the Gnomish Mines
  872: attained the rank of Ronin (level 3)
 1762: attained the rank of Kunoichi (level 6)
 2040: reached Mine Town
 3215: killed by a soldier ant

You didn't know any spells.

Skills:
 Fighting Skills
   martial arts      [Basic]
   two weapon combat [Unskilled]
   riding            [Unskilled]
 Weapon Skills
   dagger            [Unskilled]
   knife             [Unskilled]
   short sword       [Basic]
   broadsword        [Unskilled]
   long sword        [Skilled]
   two-handed sword  [Unskilled]
   saber             [Unskilled]
   flail             [Unskilled]
   quarterstaff      [Unskilled]
   polearms          [Unskilled]
   spear             [Unskilled]
   lance             [Unskilled]
   bow               [Basic]
   shuriken          [Unskilled]
 Spellcasting Skills
   attack spells     [Unskilled]
   divination spells [Unskilled]
   clerical spells   [Unskilled]

Voluntary challenges:
 Character rerolling was not enabled.
 You never genocided any monsters.
 You never polymorphed an object.
 You never changed form.
 You used no wishes.
Achievements:
 You entered the Gnomish Mines.
 You attained the rank of Ronin.
 You attained the rank of Kunoichi.
 You entered Minetown.
 You entered a shop.
 You entered a temple.

 The Dungeons of Doom: levels 1 to 3
    Level 1:
       Some fountains.
    Level 2:
       A grave.
    Level 3:
       Stairs down to The Gnomish Mines.
 The Gnomish Mines: levels 4 to 7
    Level 4:
    Level 5:
    Level 6:
    Level 7: <- You were here.
       Many shops, a temple and an altar, many fountains, a grave.
       Final resting place for
          you, killed by a soldier ant,
          randomhobo-Pri-Elf-Mal-Cha, killed by an invisible dwarf.


Vanquished creatures:
  a ghost
  a wolf
  a vampire bat
  a gnome ruler
  a housecat
  2 rope golems
  a soldier ant
  a rock piercer
  8 gnome leaders
  3 gnomish wizards
  7 giant ants
  2 floating eyes
  4 dwarves
  a rothe
  a werejackal
 an iguana
  a coyote
  a large kobold
  2 giant rats
 26 gnomes
 10 garter snakes
  2 geckos
  6 jackals
  2 goblins
  4 grid bugs
  4 lichens
  a kobold zombie
  5 newts
100 creatures vanquished.

No species were genocided or became extinct.

Game over:
                       ----------
                      /          \
                     /    REST    \
                    /      IN      \
                   /     PEACE      \
                  /                  \
                  |    Drastanta     |
                  |      167 Au      |
                  |   killed by a    |
                  |   soldier ant    |
                  |                  |
                  |                  |
                  |       2026       |
                 *|     *  *  *      | *
        _________)/\\_//(\/(/\)/\//\/|_)_______

Sayonara Drastanta the Samurai...

You died in The Gnomish Mines on dungeon level 7 with 3333 points,
and 167 pieces of gold, after 3215 moves.
You were level 7 with a maximum of 62 hit points when you died.

